 Dungeon Crawl Stone Soup version 0.21.1-1-g345015fe64 (webtiles) character file.

1491 SWATDuck the Cleaver (level 8, -4/73 HPs)
             Began as a Deep Dwarf Fighter on July 25, 2018.
             Was a Follower of Makhleb.
             Slain by an ogre
             ... wielding a +0 giant club
              (17 damage)
             ... on level 6 of the Dungeon.
             The game lasted 00:17:42 (4004 turns).

SWATDuck the Cleaver (Deep Dwarf Fighter)           Turns: 4004, Time: 00:17:42

Health: -4/73      AC: 13    Str: 21      XL:     8   Next: 51%
Magic:  4/4        EV:  6    Int: 10      God:    Makhleb [*.....]
Gold:   272        SH: 10    Dex: 10 (12) Spells: 7/7 levels left

rFire    . . .     SeeInvis .   A - +0 broad axe
rCold    . . .     Gourm    .   c - +0 shield
rNeg     . . .     Faith    .   m - +0 chain mail
rPois    .         Spirit   .   (no helmet)
rElec    .         Reflect  .   (no cloak)
rCorr    .         Harm     .   v - +2 pair of gloves
MR       +....                  (no boots)
Stlth    ..........             (no amulet)
HPRegen  0.00/turn              (no ring)
MPRegen  0.09/turn              (no ring)

@: non-regenerating
A: damage resistance, heal wounds, sense surroundings 1, no regeneration
a: Heal Wounds, Renounce Religion


You were on level 6 of the Dungeon.
You worshipped Makhleb.
Makhleb was aware of your devotion.
You were not hungry.

You visited 2 branches of the dungeon, and saw 7 of its levels.

You collected 272 gold pieces.

Inventory:

Hand Weapons
 b - a +0 war axe
 A - a +0 broad axe (weapon)
 B - a +0 flail of protection
Armour
 c - a +0 shield (worn)
 m - a +0 chain mail (worn)
 v - a +2 pair of gloves (worn)
Jewellery
 h - a +4 ring of slaying {unknown}
Wands
 z - a wand of flame (24)
Scrolls
 e - a scroll of random uselessness {unknown}
 i - 2 scrolls of amnesia
 j - 3 scrolls of teleportation
 l - 2 scrolls of enchant weapon {unknown}
 p - a scroll of blinking
 q - a scroll of remove curse {unknown}
 r - a scroll of fear
 t - a scroll of enchant armour
 y - 3 scrolls of identify
Potions
 a - a potion of agility
 d - 3 potions of might
 g - 2 potions of magic
 k - a potion of berserk rage
 n - 3 potions of flight
 o - a potion of curing
 s - 2 potions of heal wounds
 u - 3 potions of brilliance
 w - a potion of lignification
 x - a potion of degeneration {unknown}
Books
 C - a book of Cantrips

   Spells                             Type                      Level
   a - Confusing Touch                Hexes                        1
   b - Animate Skeleton               Necromancy                   1
   c - Summon Small Mammal            Summoning                    1
   d - Apportation                    Translocation                1
Comestibles
 f - 14 rations


   Skills:
 + Level 4.7 Fighting
 * Level 8.4 Axes
 + Level 5.5 Armour
 - Level 0.7 Dodging
 + Level 5.3 Shields
 * Level 2.3 Invocations
 * Level 1.6 Evocations


You had 7 spell levels left.
You didn't know any spells.

Dungeon Overview and Level Annotations

Branches:
Dungeon (6/15)             Temple (1/1) D:5

Altars:
Ashenzari
Cheibriados
Dithmenos
Elyvilon
Fedhas
Gozag
Hepliaklqana
Kikubaaqudgha
Makhleb
Nemelex Xobeh
Okawaru
Qazlal
Ru
Sif Muna
Trog
Uskayaw
Vehumet
Wu Jian
Xom
Yredelemnul
Zin
The Shining One

Shops:
D:4 (


Innate Abilities, Weirdness & Mutations

You are resistant to damage.
You can heal yourself by infusing magical energy.
You passively map a small area around you.
You do not regenerate.


Message History

You block the bullfrog's attack.
You slice the bullfrog!!
You kill the bullfrog!
Makhleb accepts your kill.
The crimson imp blinks!
You slash the ogre!
The ogre is heavily wounded.
The ogre hits you with a giant club!
You hit the ogre.
The ogre is heavily wounded.
The ogre hits you with a giant club!
* * * LOW HITPOINT WARNING * * *
You slash the ogre!
The ogre is severely wounded.
You hear the brisk rusting of a drain nearby.
The ogre barely misses you.
You barely miss the ogre.
The ogre is severely wounded.
The ogre hits you with a giant club!!
You die...

...........##............##.###..
...........##............##......
###############..###'###########.
#..# #.# #......... #..# #.#
#.######## ####..# #.# #.# #
#########.....# #.# #.#
...........##.# #.# #.#
...........##@# #.# #.#######
...........##O# #.# #.......#
...........'.5# #.# #######.##
...........##.......* #.##
...........##'###### #.##
#.#####........ , #.## *
#......... , #... *, #######≈...
#### * * ≈ .≈...., #...


You could see an ogre and a crimson imp.

Vanquished Creatures
  The ghost of al090 the Chiller, a novice GrIE (D:4)
  Edmund (D:5)
  An ice beast (D:5)
  An ogre (D:5)
  A centaur (D:5)
  A bullfrog (D:6)
  A crimson imp (D:5)
  A quasit (D:6)
  5 orc wizards
  3 orc priests
  2 jellies (D:5)
  2 bullfrog skeletons
  3 worker ants
  4 adders
  7 gnolls
  A shadow imp (D:5)
  An ooze (D:2)
  An adder zombie (D:5)
  3 worms
  A dart slug (D:3)
  4 leopard geckos
  18 orcs
  3 ball pythons
  5 giant cockroaches
  2 goblins (D:2)
  11 hobgoblins
  9 jackals
  5 quokkas
  A ball python zombie (D:6)
  11 bats
  7 frilled lizards
  7 kobolds
  A leopard gecko zombie (D:6)
  2 quokka skeletons (D:5)
  5 rats
132 creatures vanquished.

Notes
Turn   | Place    | Note
-------+----------+-------------------------------------------
     0 | D:1      | SWATDuck the Deep Dwarf Fighter began the quest for the Orb.
     0 | D:1      | Reached XP level 1. HP: 20/20 MP: 1/1
    45 | D:1      | Reached XP level 2. HP: 22/27 MP: 2/2
   436 | D:1      | Reached skill level 3 in Axes
   459 | D:1      | Reached XP level 3. HP: 21/33 MP: 3/3
   864 | D:2      | Found a deep blue altar of Sif Muna.
  1026 | D:2      | Reached XP level 4. HP: 25/42 MP: 4/4
  1237 | D:3      | Reached skill level 4 in Axes
  1256 | D:3      | You fall through a shaft!
  1281 | D:4      | Reached XP level 5. HP: 15/49 MP: 5/5
  1418 | D:4      | Noticed al090's ghost (novice GrIE)
  1593 | D:3      | Reached XP level 6. HP: 38/56 MP: 3/3
  1682 | D:3      | Found a shadowy altar of Dithmenos.
  1710 | D:3      | Reached skill level 5 in Axes
  2114 | D:4      | Killed al090's ghost
  2114 | D:4      | Reached skill level 6 in Axes
  2114 | D:4      | Reached XP level 7. HP: 42/66 MP: 2/2
  2298 | D:4      | Found Viym's Antique Weapon Boutique.
  2432 | D:5      | Entered Level 5 of the Dungeon
  2533 | D:5      | Reached skill level 5 in Armour
  2627 | D:5      | Found a staircase to the Ecumenical Temple.
  2640 | D:5      | Reached skill level 7 in Axes
  2646 | Temple   | Entered the Ecumenical Temple
  2735 | Temple   | Became a worshipper of Makhleb the Destroyer
  3024 | D:5      | Reached skill level 5 in Shields
  3024 | D:5      | Reached skill level 1 in Invocations
  3024 | D:5      | Reached XP level 8. HP: 34/73 MP: 3/3
  3287 | D:5      | Noticed Edmund
  3316 | D:5      | Killed Edmund
  3316 | D:5      | Reached skill level 8 in Axes
  3316 | D:5      | Reached skill level 1 in Evocations
  3849 | D:6      | Reached * piety under Makhleb
  4004 | D:6      | Slain by an ogre

Skill      XL: |  1  2  3  4  5  6  7  8 |
---------------+-------------------------+-----
Axes           | 3 4 6 7 8 |  8.4
Fighting       | 3 4 |  4.7
Shields        | 4 5 |  5.3
Armour         | 4 5 |  5.5
Invocations    | 1 2 |  2.3
Evocations     | 1 |  1.6
Dodging        | |  0.7

Action                   |  1- 3 |  4- 6 |  7- 9 || total
-------------------------+-------+-------+-------++-------
Melee: War axe           |   135 |   165 |    95 ||   395
       Broad axe         |       |       |   101 ||   101
 Abil: Heal Wounds       |       |    10 |     5 ||    15
  Use: Scroll            |       |       |    14 ||    14
  Eat: Chunk             |     1 |     4 |     4 ||     9
       Ration            |       |       |     1 ||     1
Armor: Scale mail        |    48 |       |       ||    48
       Chain mail        |    44 |    87 |   143 ||   274
Dodge: Dodged            |    43 |    26 |    56 ||   125
Block: Shield            |    95 |   105 |   124 ||   324
